 Dungeon Crawl Stone Soup version 0.31-a0-1576-ga3383bade6 (webtiles) character file.

Game seed: 12817936883208940492

77263 Newt the Impaler (level 15, -1/101 HPs)
             Began as a Merfolk Gladiator on Jan 4, 2024.
             Was the Champion of Hepliaklqana.
             Killed from afar by a rime drake (9 damage)
             ... with an icy flash freeze
             ... on level 4 of the Lair of Beasts.
             The game lasted 00:37:56 (21930 turns).

Newt the Impaler (Merfolk Gladiator)               Turns: 21930, Time: 00:37:56

Health: -1/101     AC:  4    Str: 14    XL:     15   Next: 56%
Magic:  21/31      EV: 20    Int: 15    God:    Hepliaklqana [******]
Gold:   1560       SH:  0    Dex: 22    Spells: 33/38 levels left

rFire   + . .        V - +11 glaive "Ytodac" {venom, ^Fragile rElec rPois}
rCold   + + +        (shield currently unavailable)
rNeg    . . .        B - +2 robe {rC+ rF+}
rPois   +            c - melded +0 helmet
rElec   +            (cloak currently unavailable)
rCorr   +            (gloves currently unavailable)
SInv    .            (boots currently unavailable)
Will    +....        C - amulet "Ozeack" {Regen+ rCorr Int+2}
Stlth   ++           L - +4 ring of slaying
HPRegen 1.16/turn    i - ring of the Duchess {rElec rPois rC+ Str-3 Int+5}
MPRegen 0.22/turn

%: no passive effects
@: beast-form
A: beast (slay +4), reduced essence, (nimble swimmer 2), mertail, antennae 1,
agile 1, cold resistance 1
a: Begin Untransformation, Renounce Religion, Recall Ancestor, Ancestor
Identity, Transference, Idealise


You were on level 4 of the Lair of Beasts.
You worshipped Hepliaklqana.
Hepliaklqana was exalted by your worship.
You were a hulking beast.
You visited 2 branches of the dungeon, and saw 19 of its levels.
You also visited: Bailey, Gauntlet and Volcano.

You collected 1560 gold pieces.

Inventory:

Hand Weapons
 a - a +0 trident
 M - a +7 trident of flaming
 V - the +11 glaive "Ytodac" (weapon) {venom, ^Fragile rElec rPois}
   (You took it off a minotaur in a Gauntlet)

   rElec:     It insulates you from electricity.
   rPois:     It protects you from poison ^Fragile: It will be destroyed if
   unequipped.
Missiles
 Q - 3 javelins
 S - a throwing net
Armour
 c - a +0 helmet (melded)
 y - an orb of light
 B - a +2 robe of resistance (worn)
 I - the +1 pair of gloves of Virtue {Will- Str+2 Int+3}
   (You found it in a Gauntlet)

   Str+2:     It affects your strength (+2).
   Int+3:     It affects your intelligence (+3).
   Will-:     It decreases your willpower.
 K - the +0 cloak of Seper {Harm +Blink Will+ Stlth+}
   (You found it in a Gauntlet)

   Will+:     It increases your willpower.
   +Blink:    It lets you blink.
   Harm:      It increases damage dealt and taken.
   Stlth+:    It makes you more stealthy.
 T - a +2 kite shield
Jewellery
 i - the ring of the Duchess (right hand) {rElec rPois rC+ Str-3 Int+5}
   (You found it on level 2 of the Dungeon)

   [ring of protection from cold]

   Str-3:     It affects your strength (-3).
   Int+5:     It affects your intelligence (+5).
   rC+:       It protects you from cold.
   rElec:     It insulates you from electricity.
   rPois:     It protects you from poison
 p - an amulet of guardian spirit
 x - a +5 ring of evasion
 C - the amulet "Ozeack" (around neck) {Regen+ rCorr Int+2}
   (You found it on level 2 of the Lair of Beasts)

   [amulet of regeneration]

   Int+2:     It affects your intelligence (+2).
   Regen+:    It increases your rate of health regeneration.
   rCorr:     It protects you from acid and corrosion.
 L - a +4 ring of slaying (left hand)
 N - a ring of protection from cold
 P - a ring of fire
 U - a ring of flight
Talismans
 t - a beast talisman (active)
Wands
 b - a wand of polymorph (5)
 l - a wand of charming (42)
 o - a wand of mindburst (13)
 A - a wand of flame (45)
 F - a wand of quicksilver (13)
 Z - a wand of digging (5)
Scrolls
 d - 3 scrolls of brand weapon
 e - 4 scrolls of poison
 n - 7 scrolls of identify
 q - 4 scrolls of teleportation
 z - 2 scrolls of vulnerability
 D - a scroll of fear
 G - 6 scrolls of enchant armour
 H - a scroll of immolation
Potions
 f - 3 potions of cancellation
 g - 6 potions of curing
 h - 5 potions of mutation
 j - 6 potions of ambrosia
 k - 4 potions of invisibility
 m - a potion of berserk rage
 r - 6 potions of haste
 s - 2 potions of might
 u - 3 potions of enlightenment
 v - 4 potions of brilliance
 w - 4 potions of resistance
 E - 4 potions of lignification
 O - 4 potions of heal wounds
 R - 4 potions of magic
 W - 3 potions of attraction
Miscellaneous
 J - a tin of tremorstones (2/2)


   Skills:
 - Level 9.0 Fighting
 - Level 15.0 Polearms
 - Level 2.0 Throwing
 - Level 10.0 Dodging
 + Level 12.0 Spellcasting
 + Level 12.9 Summonings
 - Level 10.0 Invocations
 - Level 9.0 Evocations
 - Level 7.0 Shapeshifting


You had 33 spell levels left.
You knew the following spells:

 Your Spells              Type           Power      Damage    Failure   Level
a - Call Imp              Summ           94%        N/A       1%          2
b - Summon Ice Beast      Ice/Summ       28%        N/A       1%          3

Your spell library contained the following spells:

 Spells                   Type           Power      Damage    Failure   Level
 Foxfire                  Conj/Fire      36%        2x1d5     8%          1
 Sandblast                Erth           18%        2d7       8%          1
 Sting                    Conj/Alch      36%        1d5       8%          1
 Mercury Vapours          Alch/Air       18%        N/A       12%         2
 Sublimation of Blood     Necr           9%         N/A       12%         2
 Summon Mana Viper        Hex/Summ       28%        N/A       16%         5
 Dazzling Flash           Conj/Hex       18%        N/A       24%         3
 Gell's Gravitas          Tloc           9%         N/A       24%         3
 Mephitic Cloud           Conj/Alch/Air  9%         N/A       24%         3
 Passwall                 Erth           9%         N/A       24%         3
 Stone Arrow              Conj/Erth      18%        3d8       24%         3
 Teleport Other           Tloc           9%         N/A       24%         3
 Tukima's Dance           Hex            9%         N/A       24%         3
 Monstrous Menagerie      Summ           23%        N/A       32%         7
 Summon Hydra             Summ           23%        N/A       32%         7
 Brom's Barrelling Bould  Conj/Erth      9%         2d3       61%         4
 Cause Fear               Hex            4%         N/A       61%         4
 Dimensional Bullseye     Hex/Tloc       4%         N/A       61%         4
 Iskenderun's Mystic Bla  Conj/Tloc      9%         2d4       61%         4
 Olgreb's Toxic Radiance  Alch           9%         N/A       61%         4
 Curse of Agony           Necr           9%         N/A       91%         5
 Fireball                 Conj/Fire      4%         3d4       91%         5
 Freezing Cloud           Conj/Ice/Air   4%         6-21      91%         5
 Silence                  Hex/Air        4%         N/A       91%         5
 Dispersal                Tloc           4%         N/A       100%        6
 Plasma Beam              Fire/Air       4%         2x1d14    100%        6
 Starburst                Conj/Fire      4%         6d4       100%        6
 Dragon's Call            Summ           23%        N/A       100%        9


Dungeon Overview and Level Annotations

Branches:
Dungeon (15/15)            Temple (0/1) D:4            Lair (4/5) D:9
  Slime (0/5) Lair:4          Orc (0/2) D:10         Vaults (0/5) D:14
 Depths (0/4) D:15         Bailey (visited)         Volcano (visited)
Gauntlet (visited)
  Swamp: Lair:2-3    Shoals: Lair:2-3     Snake: Lair:2-3    Spider: Lair:2-3

Altars:
Cheibriados
Dithmenos
Elyvilon
Hepliaklqana
Makhleb
Nemelex Xobeh
Qazlal
Ru
Xom
Zin
The Shining One

Annotations:
D:9 2 transporters, RabbitInGlasses's ghost, novice DrIE
Lair:2 exclusion: oklob plant


Innate Abilities, Weirdness & Mutations

You are a hulking beast.
Your limbs bulge with bestial killing power. (Slay +4)
Your life essence is reduced to manifest your ancestor. (-10% HP)
((You are very nimble when in or above water. (Stealth+, EV+, Speed+++)))
Your lower body shifts to a powerful aquatic tail in water.
You have a pair of small antennae on your head.
You are agile. (Dex +4, Str/Int -1)
Your flesh is cold resistant. (rC+)


Message History

* * * LOW HITPOINT WARNING * * *
The wolf misses you.
Your Spellcasting skill increases to level 12!
The wolf attacks as it pursues you! The wolf completely misses you.
Your cerulean imp barely misses the wolf.
The wyvern bites you!
* * * LOW HITPOINT WARNING * * *
Unknown command.
You barely miss the wyvern. The wolf completely misses you.
The wolf bites your cerulean imp. The wyvern barely misses you.
Your cerulean imp closely misses the wolf.
The wolf completely misses you. The wolf bites your cerulean imp!
Your cerulean imp dies!
Your cerulean imp disappears in a puff of smoke!
Unknown command.
You slice the wyvern!!
The wyvern looks as sick as possible!
The wyvern is severely wounded.
The wyvern bites you!
* * * LOW HITPOINT WARNING * * *
The wolf closely misses you. The wyvern completely misses you.
Unknown command.
Unknown command.
As you read the scroll of fear, it crumbles to dust.
You assume a fearsome visage.
The wyvern looks frightened! x2
The wolf looks frightened! x2
Belessunu emerges from the mists of memory!
The wolf bites the fungus.
The fungus begins to die.
The wolf bites the fungus.
Cornered, the wolf turns to fight!
Cornered, the wyvern turns to fight!
The rime drake breathes ice at you. The icy flash freeze hits you!
You partially resist.
* * * LOW HITPOINT WARNING * * *
You are encased in ice.
Belessunu misses the wolf.
Things that are here:
a basilisk corpse; a yak corpse The ice encasing you melts away.
The rime drake breathes ice at you. The icy flash freeze hits you!
You partially resist.
You die...

##...........#### #.## ###
#..##...##.##### ##.#
#.######..###.#...P.P######
##..##.###.[.....#......#
#.........#.....#.......#
##.........#..)#.#.......#*
#P...............#........#**
##.>.........#...........+.,,
##..........h.#.##.........**
#...........††#...........#**
#...>.....[..#...........## *
*##.>.....hk..+..#........#
*.#...........####........#
*#..h...Rk....# ##.......#
#P###P...Y#.P# **,..#.###*
##* #....#†### *,,,,,**
##...§†# **,,,******


You could see the friendly Belessunu the knight, a rime drake (catching breath),
a wyvern, a wolf (ally target) and a friendly ice beast (summoned).

Vanquished Creatures
  Rupert (D:14)
  A stone giant (Volcano)
  A minotaur (Gauntlet)
  Josephine (D:11)
  2 rakshasas (D:15)
  A great orb of eyes (Gauntlet)
  2 hydras
  2 centaur warriors
  7 boulder beetles
  A two-headed ogre (D:8)
  A tengu warrior (D:15)
  3 death yaks
  A skyshark (Lair:2)
  3 skeletal warriors
  A lindwurm (Lair:2)
  5 slime creatures
  A phantasmal warrior (D:14)
  4 orc knights
  Pikel (D:9)
  2 deep elf pyromancers
  An oklob plant (Gauntlet)
  2 cyclopes
  2 orc sorcerers (D:15)
  16 ugly things
  4 elephants
  2 manticores
  7 black mambas
  A torpor snail (Lair:2)
  A molten gargoyle (Volcano)
  An unseen horror (D:10)
  A minotaur zombie (Gauntlet)
  16 cane toads
  5 rime drakes
  3 gargoyles
  An efreet (Volcano)
  10 komodo dragons
  4 trolls
  A queen bee (shapeshifter) (D:14)
  2 polar bears (Lair:2)
  2 blink frogs (Lair:3)
  A dream sheep (Lair:2)
  Sigmund (D:4)
  7 wyverns
  4 wraiths
  3 basilisks
  A yak (shapeshifter) (D:14)
  A fire bat (Volcano)
  23 yaks
  A fire elemental (Volcano)
  3 vampire mosquitoes (D:11)
  3 acid dragons
  8 water moccasins
  A sky beast (D:7)
  3 laughing skulls (Gauntlet)
  4 orc warriors
  2 ice beasts
  A black bear (Lair:4)
  5 centaurs
  3 ogres
  7 wolves
  3 phantoms
  2 kobold brigands
  A weeping skull (Gauntlet)
  3 lemures (D:9)
  16 bullfrogs
  2 gnoll sergeants
  2 earth elementals (Volcano)
  6 scorpions
  5 wights
  13 killer bees
  An electric eel (Lair:4)
  10 howler monkeys
  4 lava snakes (Volcano)
  A bombardier beetle (D:7)
  2 hounds (D:5)
  4 jellies
  2 gnoll boudas
  6 orc priests
  A sleepcap (D:3)
  3 iguanas
  8 orc wizards
  16 gnolls
  10 adders
  2 white imps
  An ufetubus (D:6)
  3 dart slugs
  3 ribbon worms
  43 orcs
  16 endoplasms
  4 giant cockroaches
  10 goblins
  6 hobgoblins
  3 jackals (D:1)
  14 kobolds
  4 quokkas
  7 ball pythons
  10 bats
  6 frilled lizards
  7 rats
465 creatures vanquished.

Vanquished Creatures (collateral kills)
  A catoblepas (Lair:2)
  2 death yaks
  2 two-headed ogres (D:9)
  A skeletal warrior (D:13)
  An orc knight (Bailey)
  A deep elf pyromancer (D:12)
  A manticore (D:12)
  A necromancer (D:15)
  3 elephants (Lair:4)
  A cyclops (D:14)
  3 ugly things
  A cane toad (Lair:2)
  A molten gargoyle (Volcano)
  A black mamba (Lair:2)
  A centaur skeleton (D:15)
  3 komodo dragons
  A redback zombie (D:15)
  A rime drake (Lair:2)
  A tengu conjurer (D:15)
  A polar bear (Lair:2)
  Prince Ribbit (D:8)
  A troll (D:14)
  2 blink frogs (Lair:3)
  A slime creature (D:15)
  A centaur simulacrum (D:15)
  3 wraiths (D:11)
  A fire bat (Volcano)
  9 yaks
  2 basilisks
  A vampire mosquito (D:11)
  2 water moccasins
  2 black bears (Lair:2)
  An ice beast (D:8)
  6 orc warriors
  3 wolves
  A laughing skull (D:14)
  4 bullfrogs
  3 wights
  2 killer bees
  A howler monkey (D:7)
  3 lava snakes (Volcano)
  A gnoll bouda (D:7)
  2 orc wizards
  A hell rat (Lair:2)
  A gnoll (D:11)
  An adder (D:6)
  A white imp (D:6)
  An ufetubus (D:6)
  25 orcs
  3 kobolds (D:9)
114 creatures vanquished.

Vanquished Creatures (others)
  An ancestor (D:7)
  11 knights
12 creatures vanquished.

Grand Total: 591 creatures vanquished

Notes
Turn   | Place    | Note
-------+----------+-------------------------------------------
     0 | D:1      | Newt the Merfolk Gladiator began the quest for the Orb.
     0 | D:1      | Reached XP level 1. HP: 16/16 MP: 1/1
   242 | D:1      | Reached XP level 2. HP: 23/23 MP: 2/2
   398 | D:1      | Found a faded altar of an unknown god.
   605 | D:1      | Reached XP level 3. HP: 30/30 MP: 3/3
   881 | D:2      | Found a shimmering altar of Xom.
   986 | D:2      | Identified the ring of the Duchess {rElec rPois rC+ Str-3
                  | Int+5}
  1307 | D:2      | Reached XP level 4. HP: 33/38 MP: 4/4
  1599 | D:3      | Noticed an ice beast
  1975 | D:3      | Reached skill level 5 in Fighting
  1985 | D:3      | Identified the +0 dagger "Vinyasu" {chaos, +Blink}
  2143 | D:3      | Reached XP level 5. HP: 42/44 MP: 5/5
  2151 | D:3      | Reached skill level 5 in Polearms
  2337 | D:3      | Killed an ice beast
  2338 | D:3      | Reached skill level 6 in Polearms
  2338 | D:3      | Reached XP level 6. HP: 35/51 MP: 6/6
  2604 | D:3      | Reached skill level 7 in Polearms
  3037 | D:4      | Reached skill level 8 in Polearms
  3251 | D:4      | Reached XP level 7. HP: 53/56 MP: 5/7
  3330 | D:4      | Found a staircase to the Ecumenical Temple.
  3405 | D:4      | Found a snail-covered altar of Cheibriados.
  3405 | D:4      | Found a glowing silver altar of Zin.
  3405 | D:4      | Found a shadowy altar of Dithmenos.
  3405 | D:4      | Found a hazy altar of Hepliaklqana.
  3405 | D:4      | Found a burning altar of Makhleb.
  3405 | D:4      | Found a shadowy altar of Dithmenos.
  3421 | D:4      | Reached skill level 9 in Polearms
  3429 | D:4      | Became a worshipper of Hepliaklqana the Forgotten
  3768 | D:4      | Noticed Sigmund
  3780 | D:4      | Killed Sigmund
  3899 | D:5      | Entered Level 5 of the Dungeon
  3907 | D:5      | Reached skill level 5 in Shapeshifting
  3995 | D:5      | Reached XP level 8. HP: 60/62 MP: 8/8
  4176 | D:5      | Found a sacrificial altar of Ru.
  4645 | D:5      | Reached * piety under Hepliaklqana
  4747 | D:5      | Reached skill level 1 in Summonings
  5011 | D:6      | Reached skill level 1 in Spellcasting
  5134 | D:6      | Found a white marble altar of Elyvilon.
  5430 | D:6      | Reached XP level 9. HP: 61/61 MP: 12/14
  5493 | D:7      | Found a glowing golden altar of the Shining One.
  5534 | D:7      | Learned a level 2 spell: Call Imp
  5538 | D:7      | Learned a level 3 spell: Summon Ice Beast
  5698 | D:7      | Gained mutation: Your health recovers twice as slowly from
                  | being drained. [potion of mutation]
  5698 | D:7      | Gained mutation: You have a pair of small antennae on your
                  | head. [potion of mutation]
  5698 | D:7      | Gained mutation: You have sharp fingernails. [potion of
                  | mutation]
  5699 | D:7      | Lost mutation: Your health recovers twice as slowly from
                  | being drained. [potion of mutation]
  5699 | D:7      | Lost mutation: You have sharp fingernails. [potion of
                  | mutation]
  5699 | D:7      | Gained mutation: Your flesh is cold resistant. (rC+)
                  | [potion of mutation]
  5699 | D:7      | Gained mutation: You are agile. (Dex +4, Str/Int -1)
                  | [potion of mutation]
  5777 | D:7      | Reached skill level 5 in Summonings
  5806 | D:7      | Reached ** piety under Hepliaklqana
  5821 | D:7      | Remembered your ancestor Belessunu as a knight
  6231 | D:7      | Reached skill level 5 in Spellcasting
  6566 | D:8      | Noticed Prince Ribbit
  6571 | D:8      | Killed Prince Ribbit
  6817 | D:8      | Found a sparkling altar of Nemelex Xobeh.
  6823 | D:8      | Found a snail-covered altar of Cheibriados.
  6898 | D:8      | Noticed a two-headed ogre
  6908 | D:8      | Killed a two-headed ogre
  6909 | D:8      | Reached XP level 10. HP: 29/66 MP: 6/20
  7539 | D:9      | Found a transporter.
  7544 | D:9      | Noticed RabbitInGlasses's ghost (novice DrIE)
  7546 | D:9      | Noticed a moth of wrath
  7552 | D:9      | Noticed a manticore
  7561 | D:9      | Found a transporter.
  7564 | D:9      | Noticed a fire dragon
  7636 | D:9      | Reached *** piety under Hepliaklqana
  7877 | D:9      | Noticed a two-headed ogre
  7880 | D:9      | Noticed a two-headed ogre
  7884 | D:9      | Killed a two-headed ogre
  7887 | D:9      | Killed a two-headed ogre
  8218 | D:9      | Found a staircase to the Lair.
  8347 | D:9      | Noticed Pikel
  8357 | D:9      | Killed Pikel
  8358 | D:9      | Reached XP level 11. HP: 63/71 MP: 19/23
  8653 | D:10     | Entered Level 10 of the Dungeon
  8927 | D:9      | Reached skill level 10 in Summonings
  9115 | D:10     | Found a staircase to the Orcish Mines.
  9236 | D:10     | Found a glowing silver altar of Zin.
  9236 | D:10     | Found a shimmering altar of Xom.
  9284 | D:10     | Found a flagged portal.
  9291 | Bailey   | Entered a bailey
  9540 | Bailey   | Noticed an orc knight
  9540 | Bailey   | Noticed an orc knight
  9570 | Bailey   | Killed an orc knight
  9571 | Bailey   | Reached skill level 5 in Dodging
  9575 | Bailey   | Killed an orc knight
  9797 | Bailey   | Noticed an orc knight
  9809 | Bailey   | Noticed an orc knight
  9812 | Bailey   | Killed an orc knight
  9824 | Bailey   | Killed an orc knight
 10203 | D:10     | Noticed a cyclops
 10211 | D:10     | Killed a cyclops
 10257 | D:10     | Found a hazy altar of Hepliaklqana.
 10260 | D:10     | Found a stormy altar of Qazlal.
 10695 | D:11     | Reached **** piety under Hepliaklqana
 10704 | D:11     | Noticed a manticore
 10704 | D:11     | Noticed a boulder beetle
 10712 | D:11     | Killed a manticore
 10723 | D:11     | Killed a boulder beetle
 10724 | D:11     | Reached skill level 10 in Dodging
 10990 | D:11     | Reached XP level 12. HP: 80/80 MP: 25/25
 11044 | D:11     | Noticed Josephine
 11054 | D:11     | Killed Josephine
 11456 | D:12     | Identified the +2 war axe of Equivalence {freeze, rElec
                  | Will+ SInv}
 11807 | D:12     | Reached skill level 10 in Polearms
 12071 | D:12     | Reached skill level 11 in Polearms
 12283 | D:13     | Noticed a centaur warrior
 12291 | D:13     | Killed a centaur warrior
 12505 | D:13     | Reached ***** piety under Hepliaklqana
 12552 | D:13     | Reached skill level 12 in Polearms
 13291 | D:13     | Reached skill level 13 in Polearms
 13596 | D:13     | HP: 1/85 [acid (9)]
 13839 | D:13     | Reached skill level 14 in Polearms
 13848 | D:13     | Reached XP level 13. HP: 30/90 MP: 6/26
 14356 | D:14     | Reached skill level 15 in Polearms
 14551 | D:14     | Noticed Rupert
 14571 | D:14     | Killed Rupert
 14640 | D:14     | Found a shadowy altar of Dithmenos.
 14882 | D:14     | Reached skill level 1 in Invocations
 15062 | D:14     | Reached skill level 5 in Invocations
 15138 | D:14     | Found a gate to the Vaults.
 15219 | D:15     | Entered Level 15 of the Dungeon
 15872 | D:15     | Found a snail-covered altar of Cheibriados.
 16162 | D:15     | Noticed a rakshasa
 16182 | D:15     | Noticed a rakshasa
 16187 | D:15     | Killed a rakshasa
 16195 | D:15     | Killed a rakshasa
 16386 | D:15     | Found a staircase to the Depths.
 16401 | D:15     | Reached skill level 10 in Invocations
 16401 | D:15     | Reached XP level 14. HP: 61/95 MP: 14/27
 16402 | D:15     | Reached skill level 1 in Evocations
 16669 | Lair:1   | Entered Level 1 of the Lair of Beasts
 16948 | Lair:1   | Found a dark tunnel.
 16959 | Volcano  | Entered a volcano
 17183 | Volcano  | Found a bloodstained altar of Trog.
 17199 | Volcano  | Reached skill level 5 in Evocations
 17207 | Volcano  | Noticed a stone giant
 17212 | Volcano  | Killed a stone giant
 18758 | Lair:2   | Reached ****** piety under Hepliaklqana
 18810 | Lair:2   | Reached skill level 10 in Spellcasting
 19370 | Lair:2   | Reached XP level 15. HP: 31/101 MP: 10/29
 19874 | Lair:2   | Identified the amulet "Ozeack" {Regen+ rCorr Int+2}
 20490 | Lair:3   | Identified the +1 shortbow of Tenacity {elec, rElec rCorr
                  | Str-2 Int+3}
 21103 | Lair:4   | Found a gate leading to a gauntlet.
 21130 | Gauntlet | Entered a Gauntlet
 21130 | Gauntlet | Found a transporter.
 21130 | Gauntlet | Found a transporter.
 21168 | Gauntlet | Found a runed translucent door.
 21169 | Gauntlet | Found a transporter.
 21170 | Gauntlet | Found a runed translucent door.
 21181 | Gauntlet | Found a transporter.
 21199 | Gauntlet | Found a transporter.
 21199 | Gauntlet | Found a transporter.
 21199 | Gauntlet | Found a transporter.
 21201 | Gauntlet | Found a transporter.
 21201 | Gauntlet | Found a transporter.
 21213 | Gauntlet | Found a transporter.
 21229 | Gauntlet | Found a transporter.
 21238 | Gauntlet | Found a runed translucent gate.
 21239 | Gauntlet | Found a transporter.
 21239 | Gauntlet | Found a runed translucent gate.
 21240 | Gauntlet | Found a runed translucent gate.
 21253 | Gauntlet | Found a transporter.
 21287 | Gauntlet | Found a transporter.
 21535 | Gauntlet | Identified the +1 pair of gloves of Virtue {Will- Str+2
                  | Int+3}
 21602 | Gauntlet | Identified the +0 cloak of Seper {Harm +Blink Will+ Stlth+}
 21619 | Gauntlet | Identified the +11 glaive "Ytodac" {venom, ^Fragile rElec
                  | rPois}
 21619 | Gauntlet | Identified the +0 plate armour "Dachar" {+Blink Str+4}
 21849 | Lair:4   | Found a staircase to the Slime Pits.
 21928 | Lair:4   | HP: 5/101 [rime drake/icy flash freeze (9)]
 21930 | Lair:4   | Killed from afar by a rime drake

Illustrated notes

Levels and vault maps discovered:
D:1:      minmay_arrival_nine_rooms, layout_loops_ring,
          ebering_ecumenical_altar_webs
D:2:      layout_basic, basic_altar
D:3:      layout_basic
D:4:      cheibrodos_fertilizer, layout_basic, minmay_temple_entry_from_below_a,
          uniq_sigmund
D:5:      nicolae_cairo_tiling_very_big, layout_cave_pools,
          nicolae_ru_awakened_eye, serial_library,
          serial_library_regret_index_small_wings,
          serial_library_hellmonk_recessed_alcove,
          serial_library_hellmonk_angled_corner, serial_library_hellmonk_u_bend,
          serial_library_hellmonk_statue_hall,
          serial_library_hellmonk_filled_rooms,
          serial_library_hellmonk_small_corner,
          serial_library_hellmonk_big_corner, minmay_stone_trees_small
D:6:      old_forge, layout_gridville, mainiacjoe_overflow_six_doors_small
D:7:      layout_loops_ring, kennysheep_little_box, st_stairs_4, uniq_menkaure
D:8:      layout_cave_pods, grunt_temple_overflow_open,
          kennysheep_generic_room_15, uniq_prince_ribbit1
D:9:      layout_long_grid, erik_lair_orcish_takeover,
          gammafunk_ghost_berserking_beasts, uniq_pikel
D:10:     layout_roguey, grunt_temple_overflow_cloverleaf, hiddenorc1_lemuel,
          enter_bailey_2, blue_anna_alchemist
D:11:     layout_loops_cross, uniq_josephine
D:12:     layout_rooms, serial_co_window_serial, co_window_paths_a,
          co_window_corner_a, co_window_paths_b, co_window_of_opportunity_a,
          co_window_paths_b, co_window_unsneaky_path_d, co_window_broadway_b,
          co_window_corner_cb, glass_columns_a, glass_columns_a, glass_columns_a
D:13:     layout_basic
D:14:     layout_cave_pools, david_vaults_4,
          nicolae_dithmenos_through_a_glass_darkly, minmay_microvault,
          uniq_rupert
D:15:     grunt_enter_depths_magical_seal, layout_grid_maze, serial_rivers,
          chequers_serial_rivers_marsh, chequers_serial_rivers_small_a,
          chequers_serial_rivers_micro_d, chequers_serial_rivers_micro_b,
          chequers_serial_rivers_marsh, chequers_serial_rivers_small_b,
          chei_slow_surprise
Lair:1:   layout_cave_pods, nicolae_volcano_entry_two_sided,
          chequers_serial_rivers_large_b
Lair:2:   nzn_winding_woodlands_huge [nzn_winding_woodlands_5x15_jagged,
          nzn_winding_woodlands_5x15_sawtooth,
          nzn_winding_woodlands_5x15_pockets, nzn_winding_woodlands_5x15_garden,
          nzn_winding_woodlands_5x15_river_crossing,
          nzn_winding_woodlands_5x15_zeroes, nzn_winding_woodlands_5x15_crooked,
          nzn_winding_woodlands_5x15_twine,
          nzn_winding_woodlands_5x15_sidewinder, nzn_winding_woodlands_5x15_eye,
          nzn_winding_woodlands_center_garden,
          nzn_winding_woodlands_center_lodge,
          nzn_winding_woodlands_15x15_killbox], layout_long_grid,
          elwin_shoals_entry_stream, minmay_snake_entry_guardpost_medium,
          disabler_island
Lair:3:   layout_loops_ring, lemuel_fruit_tree
Lair:4:   layout_roguey [special_room_mythical_zoo], slime_entry_1,
          gauntlet_entry_generic, beast_lair_carwin_2,
          infiniplex_staircase_pool_2, grunt_megastairs_2, serial_bayou_shore_a

Skill      XL: |  1  2  3  4  5  6  7  8  9 10 11 12 13 14 15 |
---------------+----------------------------------------------+-----
Fighting       | 3 4 5 6 9 |  9.0
Polearms       | 6 8 9 14 15 | 15.0
Shapeshifting  | 5 7 |  7.0
Summonings     | 3 7 9 10 11 12 | 12.9
Spellcasting   | 3 6 8 9 10 12 | 12.0
Dodging        | 10 | 10.0
Invocations    | 10 | 10.0
Evocations     | 9 |  9.0
Throwing       | |  2.0

Action                     |  1- 3 |  4- 6 |  7- 9 | 10-12 | 13-15 || total
---------------------------+-------+-------+-------+-------+-------++-------
  Melee: Trident           |   130 |   146 |   336 |   418 |   688 ||  1718
         Punch             |     2 |     2 |     1 |       |       ||     5
         Tailslap          |       |       |       |       |     3 ||     3
         Glaive            |       |       |       |       |    51 ||    51
  Throw: Throwing net      |       |       |     2 |     1 |     1 ||     4
   Cast: Summon Ice Beast  |       |       |     3 |    22 |    45 ||    70
         Call Imp          |       |       |       |    16 |    26 ||    42
 Invoke: Ancestor Life: Kn |       |       |     1 |       |       ||     1
         Recall Ancestor   |       |       |       |     4 |     3 ||     7
  Evoke: Wand              |       |       |       |     3 |     1 ||     4
    Use: Scroll            |     8 |     4 |     5 |    16 |     8 ||    41
         Potion            |       |       |     3 |     1 |     3 ||     7
   Stab: Sleeping          |     4 |     1 |       |       |       ||     5
         Held in net/web   |       |       |     1 |     2 |       ||     3
         Distracted        |       |       |     2 |     4 |    10 ||    16
         Petrified         |       |       |       |       |     8 ||     8
 Armour: Leather armour    |    40 |    61 |    12 |       |       ||   113
         Robe              |       |       |    99 |   152 |   171 ||   422
  Dodge: Dodged            |    77 |    69 |   142 |   191 |   233 ||   712
   Form: Beast             |       |       |     1 |       |       ||     1

Table legend: (Time is in decaauts)
 A = Elapsed time spent in this place.
 B = Non-inter-level travel time spent in this place.
 C = Inter-level travel time spent in this place.
 D = Time resting spent in this place.
 E = Time spent auto-exploring this place.
 F = Levels seen in this place.
 G = Mean time per level.
                   A        B        C        D        E       F      G
               +--------+--------+--------+--------+--------+-----+--------+
         Total |  21460 |  20760 |    700 |   3792 |  13001 |  22 |  975.5 |
       Dungeon |  15680 |  15098 |    582 |   2342 |  10309 |  15 | 1045.3 |
          Lair |   3926 |   3809 |    117 |    734 |   2262 |   4 |  981.5 |
        Bailey |    766 |    766 |      0 |    431 |    177 |   1 |  766.0 |
       Volcano |    553 |    553 |      0 |    158 |     70 |   1 |  553.0 |
      Gauntlet |    534 |    534 |      0 |    127 |    183 |   1 |  534.0 |
               +--------+--------+--------+--------+--------+-----+--------+

Top non-repeatable levels by time:
    D:13: 1942 daAuts
  Lair:2: 1770 daAuts
     D:9: 1443 daAuts
     D:4: 1373 daAuts
    D:15: 1269 daAuts
     D:8: 1113 daAuts
     D:3: 1102 daAuts
    D:10: 951 daAuts
  Lair:1: 939 daAuts
    D:12: 918 daAuts
    D:14: 899 daAuts
  Lair:3: 894 daAuts
     D:5: 894 daAuts
     D:7: 887 daAuts
     D:1: 831 daAuts
